 Dungeon Crawl Stone Soup version 0.30-a0-210-g01b79a254e (webtiles) character file.

Game seed: 7421969449312914503

3 sleeves the Conjurer (level 1, -1/16 HPs)
             Began as a Demonspawn Reaver on Oct 4, 2022.
             Frozen to death by an endoplasm (5 damage)
             ... on level 1 of the Dungeon.
             The game lasted 00:00:18 (148 turns).

sleeves the Conjurer (Demonspawn Reaver)             Turns: 148, Time: 00:00:19

Health: -1/16      AC:  3    Str: 12    XL:     1   Next: 41%
Magic:  3/3        EV: 11    Int: 14    God:
Gold:   0          SH:  0    Dex: 11    Spells: 3/4 levels left

rFire   . . .      SeeInvis .    a - +0 spear
rCold   . . .      Faith    .    (no shield)
rNeg    . . .      Spirit   .    b - +0 leather armour
rPois   .          Reflect  .    (no helmet)
rElec   .          Harm     .    (no cloak)
rCorr   .          Rampage  .    (no gloves)
Will    .....                    (no boots)
Stlth   +.........               (no amulet)
HPRegen 0.22/turn                (no ring)
MPRegen 0.08/turn                (no ring)

@: no status effects
A: no striking features
a: no special abilities


You were on level 1 of the Dungeon.
You visited 1 branch of the dungeon, and saw 1 of its levels.

Inventory:

Hand Weapons
 a - a +0 spear (weapon)
Armour
 b - a +0 leather armour (worn)
Scrolls
 c - a scroll of enchant armour {unknown}
Potions
 d - a potion of degeneration {unknown}


   Skills:
 - Level 2.0 Fighting
 + Level 2.9 Polearms
 - Level 1.7 Dodging
 - Level 2.0 Spellcasting
 - Level 3.0 Conjurations


You had 3 spell levels left.
You knew the following spells:

 Your Spells              Type           Power      Damage    Failure   Level
a - Kiss of Death         Conj/Necr      20%        2d7       16%         1

Your spell library contained the following spells:

 Spells                   Type           Power      Damage    Failure   Level
 Momentum Strike          Conj/Tloc      10%        3d8       24%         2
 Hailstorm                Conj/Ice       5%         3d4       43%         3


Dungeon Overview and Level Annotations

Branches:
Dungeon (1/15)

Altars:

Shops:
D:1 [


Message History

Welcome, sleeves the Demonspawn Reaver.
Will you be the one to retrieve the majestic Orb of Zot from the depths?
Press ? for a list of commands and other information.
Found a staircase leading out of the dungeon.
You open the door.
There is an open door here.
A bat comes into view.
Found a scroll labelled QOTAIL RUUSAI.
A bat is nearby!
A bat is nearby!
A bat is nearby!
You reach to attack!
You hit the bat.
You kill the bat!
No target in view!
No target in view!
No target in view!
c - a scroll labelled QOTAIL RUUSAI
d - a fuming grey potion You open the door.
There is an open door here.
You open the door.
Found an escape hatch in the floor.
There is an open door here.
No target in view!
No target in view!
No target in view!
No target in view!
No target in view!
No target in view!
A hobgoblin comes into view.
Found Fohumarph's Antique Armour Shop.
The hobgoblin shouts!
A hobgoblin is nearby!
No reachable target in view!
No reachable target in view!
No reachable target in view!
No reachable target in view!
No reachable target in view!
No reachable target in view!
No reachable target in view!
A hobgoblin is nearby!
No reachable target in view!
You reach to attack!
You closely miss the hobgoblin.
You reach to attack!
You closely miss the hobgoblin. You hit the hobgoblin.
The hobgoblin is severely wounded.
The hobgoblin barely misses you.
You hit the hobgoblin but do no damage.
The hobgoblin is severely wounded.
The hobgoblin barely misses you.
You hit the hobgoblin.
You kill the hobgoblin!
No target in view!
No target in view!
No target in view!
No target in view!
No target in view!
No target in view!
No target in view!
No target in view!
You open the door.
There is an open door here.
There is an entrance to Fohumarph's Antique Armour Shop here.
You can access your shopping list by pressing '$'.
You open the door. You open the door.
There is an open door here.
As you open the door, it creaks loudly!
There is an open door here.
A rat comes into view.
A rat is nearby!
A rat is nearby!
You hit the rat.
You kill the rat!
No target in view!
No target in view!
No target in view!
No target in view!
A dart slug comes into view.
The dart slug briefly extends its eye-stalks.
The dart slug launches a dart at you. The slug dart misses you.
A dart slug is nearby!
A dart slug is nearby!
The dart slug launches a dart at you. The slug dart hits you.
An endoplasm and a hobgoblin come into view.
Found 8 gold pieces.
The endoplasm quivers.
The hobgoblin shouts!
You hit the dart slug.
The dart slug is moderately wounded.
The dart slug barely misses you.
You hit the dart slug.
The dart slug is severely wounded.
You hit the dart slug but do no damage.
The dart slug is severely wounded.
The endoplasm barely misses you. The dart slug bites you.
You barely miss the dart slug.
The dart slug is severely wounded.
The endoplasm hits you but does no damage.
The dart slug closely misses you.
You hit the dart slug.
The dart slug is almost dead.
The endoplasm freezes you.
You are frozen.
You are too injured to fight recklessly!
You hit the endoplasm but do no damage. The endoplasm barely misses you.
You hit the endoplasm.
The endoplasm is moderately wounded.
The endoplasm freezes you.
You are frozen.
* * * LOW HITPOINT WARNING * * *
You hit the endoplasm but do no damage.
The endoplasm is moderately wounded.
The endoplasm freezes you.
You are frozen.
* * * LOW HITPOINT WARNING * * *
You hit the endoplasm.
The endoplasm is almost dead.
The endoplasm freezes you.
You are frozen.
You die...

......#........# # #.
#######....###### . #.
#....'..... ###.#.
#....###### ....#.#
###'## ### ....... #.#
##.. ......$ #.# #..#
......g###### #.####'##
......wJ@...# #.#......
###########.#####.#.8.8.8
............#.#......
#######.###.#.+.8.<.8
#.#.#.#.#......
#.#...#.#.8.8.8
#.#.###.#......
#.......####+## ###.#####


You could see a dart slug, an endoplasm and a hobgoblin.

Vanquished Creatures
  A bat (D:1)
  A hobgoblin (D:1)
  A rat (D:1)
3 creatures vanquished.

Notes
Turn   | Place    | Note
-------+----------+-------------------------------------------
     0 | D:1      | sleeves the Demonspawn Reaver began the quest for the Orb.
     0 | D:1      | Reached XP level 1. HP: 16/16 MP: 3/3
    69 | D:1      | Found Fohumarph's Antique Armour Shop.
   146 | D:1      | HP: 6/16 [frozen (5)]
   148 | D:1      | Frozen to death by an endoplasm

Illustrated notes

Levels and vault maps discovered:
D:1:      doesnt_arrival_eight_statues, layout_basic, serial_shops,
          nicolae_shop_hallway_plus

Action                   || total
-------------------------++-------
Melee: Spear             ||    16
Armor: Leather armour    ||     1
Dodge: Dodged            ||     7

Table legend: (Time is in decaauts)
 A = Elapsed time spent in this place.
 B = Non-inter-level travel time spent in this place.
 C = Inter-level travel time spent in this place.
 D = Time resting spent in this place.
 E = Time spent auto-exploring this place.
 F = Levels seen in this place.
 G = Mean time per level.
                   A        B        C        D        E       F      G
               +--------+--------+--------+--------+--------+-----+--------+
         Total |    147 |    147 |      0 |      0 |    112 |   1 |  147.0 |
       Dungeon |    147 |    147 |      0 |      0 |    112 |   1 |  147.0 |
               +--------+--------+--------+--------+--------+-----+--------+

Top non-repeatable levels by time:
     D:1: 147 daAuts
